 Dungeon Crawl Stone Soup version 0.25-a0-886-gd7461d2276 (console) character file.

Game seed: 14824488009781673308, levelgen mode: classic

15933 Duffy the Cleaver (level 12, -5/92 HPs)
             Began as a Formicid Fighter on May 2, 2020.
             Was a Priest of Makhleb.
             Slain by a komodo dragon (8 damage)
             ... on level 1 of the Lair of Beasts.
             The game lasted 00:16:28 (11116 turns).

Duffy the Cleaver (Formicid Fighter)               Turns: 11116, Time: 00:16:29

Health: -5/92      AC: 21    Str: 23    XL:     12   Next: 63%
Magic:  16/16      EV: 10    Int: 11    God:    Makhleb [***...]
Gold:   407        SH: 11    Dex: 10    Spells: 11/11 levels left

rFire    + . .     SeeInvis +   a - +5 war axe (vorpal)
rCold    . . .     Gourm    .   c - +0 kite shield
rNeg     . . .     Faith    +   w - +4 chain mail {rF+}
rPois    .         Spirit   .   (helmet unavailable)
rElec    .         Reflect  .   I - +0 cloak
rCorr    .         Harm     .   l - +0 pair of gloves
MR       ++...                  g - +0 pair of boots
Stlth    ..........             P - amulet of faith
HPRegen  0.25/turn              z - +3 ring of protection
MPRegen  0.15/turn              T - ring of protection from magic

@: marked
A: permanent stasis, dig shafts and tunnels, four strong arms, antennae 3
a: Dig, Shaft Self, Minor Destruction, Lesser Servant of Makhleb, Renounce
Religion


You were on level 1 of the Lair of Beasts.
You worshipped Makhleb.
Makhleb was most pleased with you.
You were very hungry.

You visited 3 branches of the dungeon, and saw 13 of its levels.
You also visited: Volcano.

You collected 837 gold pieces.
You spent 430 gold pieces at shops.

Inventory:

Hand Weapons
 a - a +5 vorpal war axe (weapon)
 b - a +0 whip of electrocution
 B - a cursed +3 war axe of freezing
 K - a +2 scythe of venom
 Q - a +2 glaive of flaming
Missiles
 p - 14 boomerangs
 v - 63 poisoned darts (quivered)
 y - 4 javelins
Armour
 c - a +0 kite shield (worn)
 g - a +0 pair of boots (worn)
 l - a +0 pair of gloves (worn)
 s - the +5 ring mail of the Turtledove {rElec Int+3 Stlth-}
   (You found it on level 1 of the Lair of Beasts)

   It affects your intelligence (+3).
   It insulates you from electricity.
   It makes you less stealthy.
 w - a +4 chain mail of fire resistance (worn)
 I - a +0 cloak (worn)
Jewellery
 h - an uncursed ring of fire
 m - an uncursed amulet of regeneration
 z - a +3 ring of protection (left hand)
 P - an amulet of faith (around neck)
 T - a ring of protection from magic (right hand)
Wands
 o - a wand of paralysis (6)
 F - a wand of iceblast (11)
 J - a wand of enslavement (11)
 L - a wand of acid (13)
 O - a wand of flame (28)
Scrolls
 e - 3 scrolls of magic mapping
 i - 3 scrolls of teleportation {unknown}
 j - 4 scrolls of blinking {unknown}
 r - 11 scrolls of remove curse
 u - 2 scrolls of amnesia {unknown}
 E - a scroll of fog {unknown}
 H - a scroll of fear {unknown}
 M - a scroll of random uselessness {unknown}
 R - 3 scrolls of enchant weapon {unknown}
 S - a scroll of immolation
Potions
 d - 3 potions of might
 k - 3 potions of curing
 n - a potion of lignification
 q - a potion of heal wounds
 t - 2 potions of cancellation
 x - 2 potions of ambrosia
 A - 5 potions of mutation
 C - 3 potions of brilliance
 D - 2 potions of resistance
 N - a potion of magic
Comestibles
 f - 22 rations


   Skills:
 - Level 8.0 Fighting
 + Level 13.9 Axes
 - Level 8.0 Armour
 - Level 4.3 Dodging
 - Level 9.0 Shields
 - Level 6.0 Evocations


You had 11 spell levels left.
You didn't know any spells.
Your spell library was empty.

Dungeon Overview and Level Annotations

Branches:
Dungeon (10/15)            Temple (1/1) D:7            Lair (2/6) D:10
Volcano (visited)
  Swamp: Lair:2-4    Shoals: Lair:2-4     Snake: Lair:2-4    Spider: Lair:2-4
    Orc: D:9-12

Altars:
Ashenzari
Cheibriados
Dithmenos
Elyvilon
Fedhas
Gozag
Hepliaklqana
Kikubaaqudgha
Makhleb
Nemelex Xobeh
Okawaru
Qazlal
Ru
Sif Muna
Trog
Uskayaw
Vehumet
Wu Jian
Xom
Yredelemnul
Zin
The Shining One

Shops:
D:7 (*}   D:10 }


Innate Abilities, Weirdness & Mutations

You cannot be hasted, slowed, berserked, paralysed or teleported.
You can dig through walls and to a lower floor.
Your four strong arms can wield two-handed weapons with a shield.
You have a pair of large antennae on your head. (SInv)


Message History

You are too injured to fight recklessly!
You are too injured to fight recklessly!
You are too injured to fight recklessly!
You are too injured to fight recklessly!
You are too injured to fight recklessly!
You closely miss the komodo dragon.
The komodo dragon is lightly wounded.
The komodo dragon bites you!
You slice the komodo dragon!!
The komodo dragon is heavily wounded.
You hit the komodo dragon.
The komodo dragon is severely wounded.
You block the komodo dragon's attack.
You hit the komodo dragon.
The komodo dragon is severely wounded.
The komodo dragon bites you!
You slash the komodo dragon!
The komodo dragon is almost dead.
The komodo dragon bites you!
You die...

#~~~#####..........................
~0~0## #.................##.#.#...
...0!# #..................#####...
~0~~## #.................######...
#~~~# #...........#....####.##...
##### #...........#..............
....#####..........................
...................................
..#..............@.......##P.####..
.#.######.......l........#.........
.### #...........######.........
.P# #...........##


#.PPPPPPPP .## #...........P# #.PPPPPPPP .# #...........## #.PP777777 .#
#...........# #.PP7 7 .# #...........## #.PP7 7 .#### #...........P# #.PP7 7 You
could see a komodo dragon.

Vanquished Creatures
  2 hydras (Lair:1)
  2 two-headed ogres
  An ugly thing (D:10)
  2 salamanders (Volcano)
  2 spiny frogs (Lair:1)
  2 black mambas (Lair:1)
  A troll (D:10)
  A hornet (D:8)
  Grinder (D:3)
  Sigmund (D:3)
  2 hippogriffs (D:10)
  16 yaks
  Eustachio (D:4)
  A basilisk (Lair:1)
  A steam dragon (D:9)
  A fire bat (Volcano)
  A hungry ghost (D:9)
  3 water moccasins
  6 porcupines
  2 hell hounds (Volcano)
  2 ice beasts
  5 orc warriors
  A sky beast (D:8)
  A black bear (D:8)
  2 phantoms (D:10)
  4 ogres
  6 centaurs
  5 crocodiles
  Blork the orc (D:6)
  5 bullfrogs
  A big kobold (D:10)
  A gnoll sergeant (D:10)
  3 scorpions
  5 killer bees (D:10)
  12 wights
  9 howler monkeys
  A crimson imp (D:10)
  2 centaur zombies
  7 hounds
  A quasit (D:10)
  A gnoll shaman (D:6)
  A jelly (D:8)
  9 orc priests
  A centaur skeleton (D:9)
  Crazy Yiuf (D:6)
  15 orc wizards
  Jessica (D:3)
  2 iguanas (D:10)
  Ijyb (D:5)
  7 worker ants
  A killer bee zombie (D:8)
  A hound zombie (D:10)
  A hound skeleton (D:4)
  13 gnolls
  5 adders
  2 shadow imps
  An ooze (D:5)
  3 adder skeletons
  An adder zombie (D:9)
  A worm (D:2)
  A dart slug (D:1)
  3 leopard geckos
  29 orcs
  A ball python (D:1)
  5 bats
  13 giant cockroaches
  7 goblins
  11 hobgoblins
  13 jackals
  10 kobolds
  3 quokkas
  5 frilled lizards
  4 rats
  4 fungi
  2 plants (D:10)
302 creatures vanquished.

Vanquished Creatures (collateral kills)
  A hydra (Lair:1)
1 creature vanquished.

Vanquished Creatures (others)
  A centaur (Volcano)
  22 fungi (D:10)
  6 plants (D:10)
29 creatures vanquished.

Grand Total: 332 creatures vanquished

Notes
Turn   | Place    | Note
-------+----------+-------------------------------------------
     0 | D:1      | Duffy the Formicid Fighter began the quest for the Orb.
     0 | D:1      | Reached XP level 1. HP: 18/18 MP: 1/1
   108 | D:1      | Reached XP level 2. HP: 24/24 MP: 2/2
   383 | D:1      | Reached XP level 3. HP: 28/29 MP: 3/3
   883 | D:2      | Reached skill level 3 in Axes
   913 | D:2      | Reached XP level 4. HP: 35/35 MP: 4/4
  1110 | D:2      | Reached skill level 5 in Shields
  1512 | D:2      | Reached XP level 5. HP: 36/41 MP: 5/5
  1750 | D:3      | Noticed Sigmund
  1821 | D:4      | Found a snail-covered altar of Cheibriados.
  1821 | D:4      | Found a basalt altar of Yredelemnul.
  1826 | D:4      | Found a hazy altar of Hepliaklqana.
  1828 | D:4      | Found a hide-covered altar of Uskayaw.
  1829 | D:4      | Found a stormy altar of Qazlal.
  2060 | D:4      | Reached skill level 4 in Axes
  2426 | D:5      | Entered Level 5 of the Dungeon
  2442 | D:5      | Noticed Ijyb
  2447 | D:5      | You fall into a shaft and drop 2 floors!
  2460 | D:7      | Reached XP level 6. HP: 34/47 MP: 6/6
  2596 | D:7      | Found Hougg's Antique Weapon Emporium.
  2619 | D:7      | Found Joschena's Assorted Antiques.
  2623 | D:7      | Bought a glowing war axe for 214 gold pieces
  2661 | D:7      | Noticed an ogre
  2693 | D:7      | Killed an ogre
  2693 | D:7      | Reached skill level 5 in Axes
  2693 | D:7      | Reached XP level 7. HP: 49/52 MP: 7/7
  2791 | D:5      | Noticed Blork the orc
  2914 | D:6      | Killed Blork the orc
  2982 | D:6      | Reached skill level 6 in Axes
  3003 | D:6      | Reached XP level 8. HP: 48/58 MP: 8/8
  3159 | D:6      | Reached skill level 7 in Axes
  3449 | D:5      | Noticed Eustachio
  3483 | D:4      | Killed Eustachio
  3483 | D:4      | Reached skill level 8 in Axes
  3493 | D:5      | You fall into a shaft and drop 1 floor!
  3516 | D:6      | Reached XP level 9. HP: 62/64 MP: 9/9
  3643 | D:6      | Found a runed translucent door.
  3644 | D:6      | Noticed Crazy Yiuf
  3790 | D:6      | Killed Crazy Yiuf
  3991 | D:5      | Killed Ijyb
  4169 | D:5      | Reached skill level 9 in Axes
  4263 | D:5      | Found an ancient bone altar of Kikubaaqudgha.
  4367 | D:3      | Noticed Jessica
  4372 | D:3      | Killed Jessica
  4416 | D:3      | Noticed Grinder
  4424 | D:3      | Killed Grinder
  4623 | D:3      | Killed Sigmund
  5100 | D:7      | Reached skill level 10 in Axes
  5119 | D:7      | Found a staircase to the Ecumenical Temple.
  5125 | Temple   | Entered the Ecumenical Temple
  5328 | Temple   | Became a worshipper of Makhleb the Destroyer
  5497 | D:7      | Found Qalew's Gadget Boutique.
  5537 | D:7      | Reached skill level 5 in Fighting
  5537 | D:7      | Reached skill level 5 in Armour
  5665 | D:7      | Reached XP level 10. HP: 74/74 MP: 10/10
  5739 | D:7      | Bought 3 scrolls labeled TAUNKO MUHAZE for 96 gold pieces
  5739 | D:7      | Bought a scroll labeled BOJO FIFOOS for 32 gold pieces
  5739 | D:7      | Bought a red potion for 28 gold pieces
  5739 | D:7      | Bought a scroll labeled DAAFEU CUCOEKY for 32 gold pieces
  5914 | D:8      | Reached * piety under Makhleb
  6511 | D:7      | Bought an amethyst potion for 28 gold pieces
  7283 | D:9      | Reached skill level 1 in Dodging
  7421 | D:9      | Reached ** piety under Makhleb
  7886 | D:10     | Entered Level 10 of the Dungeon
  7891 | D:10     | Found Giseigen's Gadget Shop.
  7901 | D:10     | Reached XP level 11. HP: 63/86 MP: 11/11
  8017 | D:10     | Reached skill level 1 in Evocations
  8164 | D:10     | Reached skill level 5 in Evocations
  8230 | D:10     | Noticed a brown ugly thing
  8260 | D:10     | Killed a brown ugly thing
  8413 | D:10     | Found a staircase to the Lair.
  8479 | D:10     | Found a shadowy altar of Dithmenos.
  8537 | D:10     | Reached *** piety under Makhleb
  9144 | D:10     | Noticed a two-headed ogre
  9157 | D:10     | Killed a two-headed ogre
  9157 | D:10     | Reached skill level 11 in Axes
  9303 | Lair:1   | Entered Level 1 of the Lair of Beasts
  9334 | Lair:1   | Noticed an eight-headed hydra
  9349 | Lair:1   | Killed an eight-headed hydra
  9385 | Lair:1   | Found a dark tunnel.
  9394 | Volcano  | Entered a volcano
  9566 | Volcano  | Noticed a salamander
  9575 | Volcano  | Killed a salamander
  9581 | Volcano  | Noticed a two-headed ogre
  9588 | Volcano  | Killed a two-headed ogre
  9588 | Volcano  | Reached skill level 12 in Axes
  9588 | Volcano  | Reached XP level 12. HP: 67/92 MP: 16/16
 10151 | Lair:1   | Got a faintly humming ring mail
 10192 | Lair:1   | Identified the +5 ring mail of the Turtledove {rElec Int+3
                  | Stlth-} (You found it on level 1 of the Lair of Beasts)
 10332 | Lair:1   | Noticed a four-headed hydra
 10344 | Lair:1   | Killed a four-headed hydra
 10344 | Lair:1   | Reached skill level 13 in Axes
 10606 | Lair:1   | Noticed a four-headed hydra
 10620 | Lair:1   | Killed a four-headed hydra
 11115 | Lair:1   | HP: 3/92 [komodo dragon (9)]
 11116 | Lair:1   | Slain by a komodo dragon

Levels and vault maps discovered:
D:1:      mrwooster_arrival_statue, layout_loops_ring, serial_park_tiny_pond
D:2:      layout_basic
D:3:      layout_basic, uniq_jessica, uniq_sigmund, uniq_grinder
D:4:      layout_gridville, chequers_temple_overflow_minitemple
D:5:      layout_rooms, marbit_many_paths, first_ration, uniq_ijyb,
          uniq_eustachio, uniq_blork_the_orc
D:6:      minmay_flawed_box, layout_basic, uniq_crazy_yiuf_cottage
D:7:      layout_rooms, minmay_temple_entry_nine_rooms, serial_shops, shop,
          shop_coins, shop, grunt_ministairs_10
D:8:      layout_cave_pods
D:9:      layout_loops_corners
D:10:     layout_grid_maze, due_lair_maze_entry_diamond, serial_shops,
          nicolae_shop_trees, basic_altar, blue_anna_alchemist
          [blue_anna_fruit_fields, blue_anna_fruit_fields], grunt_ministairs_1
Temple:   eino_temple_scatter_basement
Lair:1:   layout_gridlike, lightli_volcano_entry_magma_tube
Lair:2:   layout_chaotic_city, dummy_snake_entry, serial_bayou_ford_a,
          grunt_megastairs_3

Skill      XL: |  1  2  3  4  5  6  7  8  9 10 11 12 |
---------------+-------------------------------------+-----
Shields        | 4 5 6 8 9 |  9.0
Axes           | 3 4 5 6 8 10 12 13 | 13.9
Fighting       | 5 8 |  8.0
Armour         | 5 8 |  8.0
Dodging        | 3 4 |  4.3
Evocations     | 6 |  6.0

Action                   |  1- 3 |  4- 6 |  7- 9 | 10-12 || total
-------------------------+-------+-------+-------+-------++-------
Melee: War axe           |    92 |   140 |   257 |   503 ||   992
       Whip              |       |       |       |    20 ||    20
Throw: Dart              |       |     2 |       |       ||     2
Invok: Lesser Servant of |       |       |       |     2 ||     2
 Abil: Dig               |     2 |    10 |     5 |    17 ||    34
       Shaft Self        |       |     1 |       |       ||     1
Evoke: Wand              |       |       |       |     4 ||     4
  Use: Potion            |       |     1 |       |       ||     1
       Scroll            |       |       |       |    17 ||    17
 Stab: Paralysed         |       |       |       |     5 ||     5
  Eat: Chunk             |       |     8 |    10 |    18 ||    36
       Ration            |       |       |       |     1 ||     1
Armor: Scale mail        |    45 |     8 |       |       ||    53
       Chain mail        |       |    50 |    98 |   105 ||   253
       Plate armour      |       |       |       |    84 ||    84
       Ring mail         |       |       |       |     9 ||     9
Dodge: Dodged            |    33 |    31 |    46 |   123 ||   233
Block: Kite shield       |    57 |    81 |   127 |   275 ||   540

Table legend:
 A = Non-vault XP
 B = Vault XP
 C = Vault XP percentage of total XP
 D = Non-vault monster count
 E = Vault monster count
 F = Vault count percentage of total count
                 A         B        C        D         E       F
            +---------+---------+-------+---------+---------+-------
      Total |   17284 |    5478 |  24.1 |     254 |      43 |  14.5
            +---------+---------+-------+---------+---------+-------
        D:1 |      47 |       0 |   0.0 |      25 |       0 |   0.0
        D:2 |     125 |       0 |   0.0 |      31 |       0 |   0.0
        D:3 |      20 |     531 |  96.4 |      11 |       3 |  21.4
        D:4 |     102 |     203 |  66.6 |      10 |       1 |   9.1
        D:5 |     372 |      38 |   9.3 |      12 |       2 |  14.3
        D:6 |     789 |     375 |  32.2 |      27 |       8 |  22.9
        D:7 |    1162 |     281 |  19.5 |      21 |       5 |  19.2
        D:8 |    1020 |       0 |   0.0 |      15 |       0 |   0.0
        D:9 |    2493 |       0 |   0.0 |      39 |       0 |   0.0
       D:10 |    4146 |    1744 |  29.6 |      40 |      16 |  28.6
     Lair:1 |    7008 |       0 |   0.0 |      23 |       0 |   0.0
    Volcano |       0 |    2306 | 100.0 |       0 |       8 | 100.0
            +---------+---------+-------+---------+---------+-------
